 Dungeon Crawl Stone Soup version 0.22.1-2-g9c5b331383 (webtiles) character file.

2732 Morenatsu the Cleaver (level 9, -25/114 HPs)
             Began as a Deep Dwarf Fighter on Dec 22, 2018.
             Annihilated by a white ugly thing (26 damage)
             ... on level 7 of the Dungeon.
             The game lasted 00:15:49 (5413 turns).

Morenatsu the Cleaver (Deep Dwarf Fighter)          Turns: 5413, Time: 00:15:50

Health: -25/114    AC:  7    Str: 29    XL:     9   Next: 40%
Magic:  6/6        EV:  7    Int: 10    God:
Gold:   389        SH: 10    Dex: 12    Spells: 8/8 levels left

rFire    + . .     SeeInvis .   a - +1 war axe
rCold    . . .     Gourm    .   c - +0 shield
rNeg     . . .     Faith    .   b - +0 scale mail
rPois    .         Spirit   .   o - +0 hat
rElec    .         Reflect  .   (no cloak)
rCorr    .         Harm     .   (no gloves)
MR       +++..                  (no boots)
Stlth    ..........             t - amulet "Boitson" {+Blink +Rage MR+}
HPRegen  0.00/turn              p - ring of protection from fire
MPRegen  0.10/turn              q - ring of protection from magic

@: berserking, non-regenerating, very quick
A: damage resistance, heal wounds, talons 1, rugged brown scales 1, sense
surroundings 2, strong 1, no regeneration
a: Heal Wounds, Evoke Blink, Evoke Berserk Rage


You were on level 7 of the Dungeon.
You were very hungry.

You visited 1 branch of the dungeon, and saw 7 of its levels.
You also visited: Sewer.

You collected 389 gold pieces.

Inventory:

Hand Weapons
 a - a +1 war axe (weapon)
Armour
 b - a +0 scale mail (worn)
 c - a +0 shield (worn)
 o - a +0 hat (worn)
Jewellery
 p - a ring of protection from fire (left hand)
 q - a ring of protection from magic (right hand)
 t - the amulet "Boitson" (around neck) {+Blink +Rage MR+}
   (You found it on level 4 of the Dungeon)

   [amulet of rage]

   It affects your resistance to hostile enchantments.
   It lets you blink.
   It lets you go berserk.
Wands
 m - a wand of iceblast (8)
 n - a wand of acid (11)
Scrolls
 e - 3 scrolls of blinking
 h - 2 scrolls of identify
 i - 2 scrolls of amnesia
 k - 2 scrolls of teleportation
 r - 3 scrolls of enchant weapon
 s - 6 scrolls of remove curse
Potions
 d - 2 potions of might
 g - a potion of invisibility
 j - 3 potions of heal wounds
 l - a potion of lignification
 u - 2 potions of haste
Comestibles
 f - 16 rations
 v - 7 chunks of flesh


   Skills:
 - Level 2.6 Fighting
 + Level 13.7 Axes
 - Level 3.2 Armour
 - Level 3.2 Shields


You had 8 spell levels left.
You didn't know any spells.
Your spell library was empty.

Dungeon Overview and Level Annotations

Branches:
Dungeon (7/15)
 Temple: D:4-7

Altars:
Cheibriados
Uskayaw
Yredelemnul
Lugonu

Shops:
D:4 [


Innate Abilities, Weirdness & Mutations

You are resistant to damage.
You can heal yourself by infusing magical energy.
You passively map the area around you.
You do not regenerate.
You have sharp toenails.
You are partially covered in rugged brown scales. (AC +1, +3% HP)
Your muscles are strong. (Str +2)


Message History

You destroy the small abomination!
You closely miss something.
Your shield and scale mail prevent you from hitting the small abomination.
Something hits you!
* * * LOW HITPOINT WARNING * * *
You closely miss the white ugly thing.
The white ugly thing is severely wounded.
You slash the white ugly thing!
Your shield and scale mail prevent you from hitting the small abomination.
You miss something. You hit the small abomination. Something hits you!
* * * LOW HITPOINT WARNING * * *
The white ugly thing engulfs you but does no damage.
The small abomination hits you.
* * * LOW HITPOINT WARNING * * *
The small abomination hits you!
* * * LOW HITPOINT WARNING * * *
The white ugly thing tail-slaps you.
* * * LOW HITPOINT WARNING * * *
The white ugly thing freezes you!!
You die...

.....##..#*
#..##########....,*
........### #..............,,
..........####............#**
, *
............#....[........# ,
.................†........#
....######...######.)....## *
...##* ##.########......## ,
...# #.###x{###.......## ...#
**####uu@.##......../ , ...#
# ,* ##.ux.##......... ...#
#...###.xu.###......... ,
...## *#.......#####.........
, ,
....#####.)$$.#####........##
...[©.###.|_$.###.©.........#
,
....#####.)$$.#####.........#
, ...## *#....... ##........#
, ...# *#...###.. *
#....$...# ,


You could see 4 ugly things and 3 small abominations.

Vanquished Creatures
  An ugly thing (D:7)
  Eustachio (D:4)
  4 slaves (D:7)
  Purgy (Sewer)
  2 sky beasts
  2 centaurs
  A crocodile (D:6)
  3 bullfrogs (D:6)
  2 small abominations (D:7)
  A water moccasin zombie (D:6)
  A wyvern skeleton (D:6)
  A howler monkey (D:5)
  3 jellies
  A crimson imp (D:5)
  A centaur zombie (D:6)
  6 hounds
  3 bullfrog zombies
  3 orc priests
  Jessica (D:2)
  4 orc wizards
  Natasha (twice) (D:3)
  3 iguanas (D:5)
  5 worker ants
  Terence (D:2)
  A hound skeleton (D:6)
  2 worker ant zombies
  7 adders
  3 gnolls (D:4)
  7 oozes (D:2)
  3 adder zombies (D:6)
  2 adder skeletons
  6 worms
  A dart slug (D:1)
  14 orcs
  6 giant cockroaches
  4 goblins
  4 hobgoblins
  8 jackals
  A quokka (D:5)
  8 bats
  9 frilled lizards
  A jackal skeleton (D:6)
  A jackal zombie (D:5)
  21 kobolds
  2 leopard gecko skeletons
  2 leopard gecko zombies (D:6)
  2 quokka skeletons
  A quokka zombie (D:6)
  8 rats
177 creatures vanquished.

Vanquished Creatures (others)
  A fungus (D:2)
  9 toadstools (D:2)
  2 withered plants (D:6)
12 creatures vanquished.

Grand Total: 189 creatures vanquished

Notes
Turn   | Place    | Note
-------+----------+-------------------------------------------
     0 | D:1      | Morenatsu the Deep Dwarf Fighter began the quest for the
                  | Orb.
     0 | D:1      | Reached XP level 1. HP: 20/20 MP: 1/1
   104 | D:1      | Reached skill level 3 in Axes
   104 | D:1      | Reached XP level 2. HP: 25/27 MP: 2/2
   747 | D:2      | Reached XP level 3. HP: 25/33 MP: 3/3
   749 | D:2      | Reached skill level 4 in Axes
   811 | D:2      | Noticed Jessica
   811 | D:2      | Noticed Terence
   871 | D:2      | Killed Terence
   900 | D:2      | Reached XP level 4. HP: 26/40 MP: 3/3
   948 | D:2      | Reached skill level 5 in Axes
   991 | D:2      | Killed Jessica
  1114 | D:2      | Found a hide-covered altar of Uskayaw.
  1343 | D:2      | Reached XP level 5. HP: 28/46 MP: 4/4
  1383 | D:2      | Reached skill level 6 in Axes
  1937 | D:3      | Reached skill level 7 in Axes
  1937 | D:3      | Reached XP level 6. HP: 42/55 MP: 4/4
  2183 | D:3      | Noticed a sky beast
  2206 | D:3      | HP: 1/55 [sky beast (3)]
  2225 | D:3      | Killed a sky beast
  2411 | D:3      | Noticed Natasha
  2422 | D:3      | Killed Natasha
  2502 | D:3      | Reached skill level 8 in Axes
  2508 | D:3      | Reached XP level 7. HP: 37/61 MP: 5/5
  2770 | D:3      | Noticed Natasha
  2779 | D:3      | Killed Natasha
  2968 | D:4      | Noticed Eustachio
  2992 | D:4      | Killed Eustachio
  2992 | D:4      | Reached skill level 9 in Axes
  3031 | D:4      | Found Yduf Ifo's Antique Armour Shoppe.
  3084 | D:4      | Found a snail-covered altar of Cheibriados.
  3155 | D:4      | Got a transparent sapphire amulet
  3156 | D:4      | Identified the amulet "Boitson" {+Blink +Rage MR+} (You
                  | found it on level 4 of the Dungeon)
  3430 | D:4      | Reached skill level 10 in Axes
  3462 | D:4      | Got a fine amethyst amulet
  3482 | D:4      | Found a glowing drain.
  3510 | Sewer    | Entered a sewer
  3563 | Sewer    | Noticed Purgy
  3576 | Sewer    | Killed Purgy
  3576 | Sewer    | Reached XP level 8. HP: 48/68 MP: 6/6
  3610 | Sewer    | Gained mutation: Your system is resistant to poisons.
                  | (rPois) [potion of mutation]
  3610 | Sewer    | Gained mutation: You possess an exceptional clarity of
                  | mind. [potion of mutation]
  3611 | Sewer    | Lost mutation: You possess an exceptional clarity of mind.
                  | [potion of mutation]
  3611 | Sewer    | Lost mutation: Your system is resistant to poisons. (rPois)
                  | [potion of mutation]
  3611 | Sewer    | Gained mutation: You are partially covered in rugged brown
                  | scales. (AC +1, +3% HP) [potion of mutation]
  3611 | Sewer    | Gained mutation: Your muscles are strong. (Str +2) [potion
                  | of mutation]
  3611 | Sewer    | Gained mutation: You have sharp toenails. [potion of
                  | mutation]
  3613 | Sewer    | Identified the amulet "Musoff" {Spirit rF+ Str-5 Dex+2}
                  | (You took it off an orc wizard on level 4 of the Dungeon)
  3839 | D:5      | Entered Level 5 of the Dungeon
  3865 | D:5      | Found a basalt altar of Yredelemnul.
  3959 | D:5      | Reached skill level 11 in Axes
  4837 | D:6      | Reached skill level 12 in Axes
  5060 | D:6      | Gained mutation: You passively map the area around you.
                  | [Deep Dwarf growth]
  5060 | D:6      | Reached XP level 9. HP: 32/76 MP: 6/6
  5292 | D:7      | Found a corrupted altar of Lugonu.
  5321 | D:7      | Reached skill level 13 in Axes
  5355 | D:7      | Noticed a green ugly thing
  5366 | D:7      | Killed a green ugly thing
  5382 | D:7      | Found a transporter.
  5395 | D:7      | Noticed a green ugly thing
  5395 | D:7      | Noticed a white ugly thing
  5395 | D:7      | Noticed a green ugly thing
  5397 | D:7      | Noticed a brown ugly thing
  5413 | D:7      | HP: 4/114 [small abomination (7)]
  5413 | D:7      | HP: 1/114 [white ugly thing (3)]
  5413 | D:7      | Annihilated by a white ugly thing

Skill      XL: |  1  2  3  4  5  6  7  8  9 |
---------------+----------------------------+-----
Axes           | 3 4 5 7 8 10 12 13 | 13.7
Fighting       | |  2.6
Armour         | |  3.2
Shields        | |  3.2

Action                   |  1- 3 |  4- 6 |  7- 9 || total
-------------------------+-------+-------+-------++-------
Melee: War axe           |    99 |   166 |   349 ||   614
       Kick              |       |       |    67 ||    67
 Abil: Heal Wounds       |     1 |     5 |     9 ||    15
       Evoke Berserk Rag |       |       |     2 ||     2
  Use: Scroll            |     5 |     1 |    10 ||    16
       Potion            |       |       |     3 ||     3
  Eat: Chunk             |       |     5 |    11 ||    16
Armor: Scale mail        |    37 |    77 |   152 ||   266
Dodge: Dodged            |    26 |    46 |   122 ||   194
Block: Shield            |    53 |    93 |   179 ||   325
